 Dungeon Crawl Stone Soup version 0.31-a0-157-g0643eb4156 (webtiles) character file.

Game seed: 3161231890172492724

124 qw the Shooter (level 5, -10/49 HPs)
             Began as a Naga Hunter on June 12, 2023.
             Mangled by an ogre
             ... wielding a +0 giant club
              (20 damage)
             ... on level 4 of the Dungeon.
             The game lasted 00:00:58 (2320 turns).

qw the Shooter (Naga Hunter)                        Turns: 2320, Time: 00:00:58

Health: -10/49     AC:  9    Str: 14    XL:     5   Next: 8%
Magic:  5/5        EV:  8    Int:  9    God:
Gold:   142        SH:  0    Dex: 16    Spells: 4/4 levels left

rFire   . . .        Y - +0 shortbow
rCold   . . .        (shield currently unavailable)
rNeg    . . .        a - +4 ring mail of the Thirsty Dreams {Stlth+}
rPois   +            d - +0 helmet
rElec   .            (no cloak)
rCorr   .            (no gloves)
SInv    +            (no barding)
Will    .....        (no amulet)
Stlth   ++           (no ring)
HPRegen 0.28/turn    (no ring)
MPRegen 0.09/turn

%: no passive effects
@: about to teleport, very slow
A: AC +1, large, see invisible, deformed body, poison resistance, slowness 2,
spit poison 1, naga tail 1
a: Spit Poison


You were on level 4 of the Dungeon.
You visited 1 branch of the dungeon, and saw 4 of its levels.

You collected 142 gold pieces.


Innate Abilities, Weirdness & Mutations

Your serpentine skin is tough. (AC +1)
You have supernaturally acute eyesight. (SInv)
Armour fits poorly on your strangely shaped body.
Your system is resistant to poisons. (rPois)
You cover ground very slowly.
You can spit poison.
You have a snake-like lower body.


   Skills:
 - Level 3.0 Fighting
 - Level 5.2 Ranged Weapons
 + Level 0.0 Armour
 - Level 1.5 Dodging
 - Level 1.5 Stealth


You had 4 spell levels left.
You didn't know any spells.
Your spell library was empty.

Inventory:

Hand Weapons
 Y - a +0 shortbow (weapon)
Armour
 a - the +4 ring mail of the Thirsty Dreams (worn) {Stlth+}
   (You found it on level 2 of the Dungeon)

   Stlth:     It makes you more stealthy.
 d - a +0 helmet (worn)
Scrolls
 g - a scroll of teleportation
Potions
 b - a potion of lignification {unknown}
 c - a potion of mutation {unknown}
 f - a potion of brilliance {unknown}
 h - 2 potions of cancellation
 i - a potion of resistance {unknown}

Dungeon Overview and Level Annotations

Branches:
Dungeon (4/15)
 Temple: D:4-7

Altars:

Shops:
D:2 [


Message History

An ogre comes into view. It is wielding a +0 giant club.
You shoot an arrow. The arrow hits the ogre.
The ogre is lightly wounded.
2309 ||| INVOKING Spit Poison.
Aiming: Spit Poison (1% risk of failure)
Press: ? - help, Shift-Dir - straight line, f/p - ogre The splash of poison misses the ogre.
You shoot an arrow. The arrow closely misses the ogre.
You shoot an arrow. The arrow barely misses the ogre.
The ogre hits you with a +0 giant club!!
You shoot an arrow. The arrow completely misses the ogre.
You have got your breath back.
The ogre barely misses you.
2313 ||| INVOKING Spit Poison.
Aiming: Spit Poison (1% risk of failure)
Press: ? - help, Shift-Dir - straight line, f/p - ogre The splash of poison hits the ogre.
The ogre is moderately wounded.
You shoot an arrow. The arrow completely misses the ogre.
The ogre barely misses you.
You shoot an arrow. The arrow barely misses the ogre.
The ogre barely misses you.
You shoot an arrow. The arrow barely misses the ogre.
The ogre hits you with a +0 giant club.
You shoot an arrow. The arrow hits the ogre.
The ogre is moderately wounded.
The ogre hits you with a +0 giant club.
You shoot an arrow. The arrow hits the ogre.
The ogre is heavily wounded.
You have got your breath back.
2319 ||| INVOKING Spit Poison.
Aiming: Spit Poison (1% risk of failure)
Press: ? - help, Shift-Dir - straight line, f/p - ogre You fail to use your ability.
The ogre hits you with a +0 giant club!
2320 ||| READING 2 scrolls of teleportation.
As you read the scroll of teleportation, it crumbles to dust.
You feel strangely unstable.
The ogre hits you with a +0 giant club!!
You die...

## ##.#.# ## .
...... ..
#.#..#.##. ##.
.#...... ... ......
... # #.##.##.#
##.##.#O##....#.#.
.....?.@..........
......##...######.#
...................
##.#####...######..
.. [.......<# #
####..#### ......
....#.. #.#.#.


You could see an ogre.

Vanquished Creatures
  5 adders
  A worm (D:2)
  5 dart slugs
  5 orcs (D:3)
  6 endoplasms
  3 giant cockroaches
  A goblin (D:3)
  3 hobgoblins
  3 jackals (D:1)
  6 kobolds
  6 quokkas
  5 ball pythons
  A bat (D:1)
  5 frilled lizards
  3 rats
58 creatures vanquished.

Notes
Turn   | Place    | Note
-------+----------+-------------------------------------------
     0 | D:1      | qw the Naga Hunter began the quest for the Orb.
     0 | D:1      | Reached XP level 1. HP: 19/19 MP: 1/1
     0 | D:1      | 0 ||| qw: Version: 0.2-a-29-gc1b59c4
     0 | D:1      | 0 ||| qw: Game counter: 4157
     0 | D:1      | 0 ||| qw: Always use a shield: true
     0 | D:1      | 0 ||| qw: God list: Okawaru
     0 | D:1      | 0 ||| qw: Allow faded altars: false
     0 | D:1      | 0 ||| qw: Do Orc after D:15 true
     0 | D:1      | 0 ||| qw: Do second Lair branch before Depths: true
     0 | D:1      | 0 ||| qw: Lair rune preference: random
     0 | D:1      | 0 ||| qw: Plans: Normal
     0 | D:1      | 0 ||| PLANNING D:1-11
    57 | D:1      | 57 ||| INVOKING Spit Poison.
    73 | D:1      | 73 ||| INVOKING Spit Poison.
   126 | D:1      | 126 ||| INVOKING Spit Poison.
   134 | D:1      | 134 ||| INVOKING Spit Poison.
   139 | D:1      | Reached skill level 4 in Ranged Weapons
   139 | D:1      | Reached XP level 2. HP: 26/26 MP: 2/2
   147 | D:1      | 147 ||| INVOKING Spit Poison.
   162 | D:1      | 162 ||| INVOKING Spit Poison.
   166 | D:1      | 166 ||| INVOKING Spit Poison.
   194 | D:1      | 194 ||| INVOKING Spit Poison.
   199 | D:1      | 199 ||| INVOKING Spit Poison.
   200 | D:1      | 200 ||| INVOKING Spit Poison.
   206 | D:1      | 206 ||| INVOKING Spit Poison.
   222 | D:1      | 222 ||| INVOKING Spit Poison.
   227 | D:1      | 227 ||| INVOKING Spit Poison.
   233 | D:1      | Reached XP level 3. HP: 31/32 MP: 3/3
   288 | D:1      | 288 ||| INVOKING Spit Poison.
   318 | D:1      | 318 ||| INVOKING Spit Poison.
   367 | D:1      | 367 ||| INVOKING Spit Poison.
   489 | D:1      | 489 ||| FLEEEEING.
   490 | D:1      | 490 ||| FLEEEEING.
   497 | D:1      | 497 ||| INVOKING Spit Poison.
   574 | D:1      | 574 ||| READING scroll labelled KIVILO NESIROQ.
   575 | D:1      | 575 ||| READING 2 scrolls labelled KUJIOSCH APNEUSM.
   576 | D:1      | 576 ||| READING scroll labelled PUGAOPH YCERE.
   577 | D:1      | 577 ||| READING 2 scrolls labelled TUALIS TUAKUAS.
   580 | D:1      | 580 ||| DROPPING scroll of butterflies.
   581 | D:1      | 581 ||| DROPPING scroll of poison.
   607 | D:2      | Identified the +4 ring mail of the Thirsty Dreams {Stlth+}
   618 | D:2      | 618 ||| UPGRADING to +4 ring mail of the Thirsty Dreams
                  | {Stlth+}.
   628 | D:2      | 628 ||| INVOKING Spit Poison.
   633 | D:2      | 633 ||| DROPPING +0 leather armour.
   652 | D:2      | 652 ||| INVOKING Spit Poison.
   657 | D:2      | 657 ||| INVOKING Spit Poison.
   663 | D:2      | 663 ||| INVOKING Spit Poison.
   705 | D:2      | 705 ||| INVOKING Spit Poison.
   715 | D:2      | 715 ||| INVOKING Spit Poison.
   719 | D:2      | 719 ||| INVOKING Spit Poison.
   721 | D:2      | Reached skill level 5 in Ranged Weapons
   721 | D:2      | Reached XP level 4. HP: 38/39 MP: 4/4
   782 | D:2      | Found Erphaud's Antique Armour Boutique.
   791 | D:2      | 791 ||| SHOPLISTING cloak (99 gold, have 65).
   791 | D:2      | 791 ||| SHOPLISTING glowing ring mail (154 gold, have 65).
   803 | D:2      | 803 ||| INVOKING Spit Poison.
   808 | D:2      | 808 ||| INVOKING Spit Poison.
   811 | D:2      | 811 ||| INVOKING Spit Poison.
   969 | D:2      | 969 ||| INVOKING Spit Poison.
  1147 | D:2      | 1147 ||| INVOKING Spit Poison.
  1160 | D:2      | 1160 ||| INVOKING Spit Poison.
  1179 | D:2      | 1179 ||| INVOKING Spit Poison.
  1184 | D:2      | 1184 ||| INVOKING Spit Poison.
  1189 | D:2      | 1189 ||| INVOKING Spit Poison.
  1274 | D:2      | 1274 ||| READING scroll labelled PUQOPN YSMIG.
  1275 | D:2      | 1275 ||| READING scroll labelled TAMIEPHUPAE.
  1416 | D:2      | 1416 ||| INVOKING Spit Poison.
  1604 | D:3      | 1604 ||| INVOKING Spit Poison.
  1611 | D:3      | 1611 ||| INVOKING Spit Poison.
  1617 | D:3      | 1617 ||| INVOKING Spit Poison.
  1662 | D:3      | 1662 ||| INVOKING Spit Poison.
  1668 | D:3      | 1668 ||| INVOKING Spit Poison.
  1696 | D:3      | 1696 ||| INVOKING Spit Poison.
  1700 | D:3      | 1700 ||| INVOKING Spit Poison.
  1703 | D:3      | 1703 ||| INVOKING Spit Poison.
  1793 | D:3      | 1793 ||| INVOKING Spit Poison.
  1844 | D:3      | 1844 ||| INVOKING Spit Poison.
  1847 | D:3      | Reached skill level 3 in Fighting
  1922 | D:3      | 1922 ||| INVOKING Spit Poison.
  1927 | D:3      | Reached XP level 5. HP: 47/49 MP: 5/5
  2202 | D:3      | 2202 ||| INVOKING Spit Poison.
  2207 | D:3      | 2207 ||| INVOKING Spit Poison.
  2211 | D:3      | 2211 ||| INVOKING Spit Poison.
  2276 | D:3      | 2276 ||| UPGRADING to +0 helmet.
  2281 | D:3      | 2281 ||| READING scroll labelled YXITUA MITE.
  2282 | D:3      | 2282 ||| DRINKING 3 dark potions.
  2305 | D:4      | Noticed an ogre
  2309 | D:4      | 2309 ||| INVOKING Spit Poison.
  2313 | D:4      | 2313 ||| INVOKING Spit Poison.
  2319 | D:4      | 2319 ||| INVOKING Spit Poison.
  2319 | D:4      | HP: 10/49 [ogre/+0 giant club (15)]
  2320 | D:4      | 2320 ||| READING 2 scrolls of teleportation.
  2320 | D:4      | Mangled by an ogre

Levels and vault maps discovered:
D:1:      psy_arrival_spokes, layout_basic, nicolae_the_louvre
D:2:      layout_basic, serial_shops, nicolae_shop_trees, interstate_on_off,
          minmay_misc_feat_five, hangedman_decor_push, chequers_big_river,
          minivault_23, corexii_item_surrounded_by_moat, st_stairs_3
D:3:      layout_loops_ring, grunt_ministairs_2
D:4:      layout_basic, minmay_temple_entry_tees

Skill      XL: |  1  2  3  4 |
---------------+-------------+-----
Ranged Weapons | 4 5 |  5.2
Fighting       | 3 |  3.0
Dodging        | |  1.5
Stealth        | |  1.5

Action                     |  1- 3 |  4- 6 || total
---------------------------+-------+-------++-------
   Fire: Shortbow          |    61 |    64 ||   125
Ability: Spit Poison       |    23 |    26 ||    49
    Use: Scroll            |     4 |     4 ||     8
         Potion            |       |     1 ||     1
 Armour: Leather armour    |     1 |       ||     1
         Ring mail         |    10 |    11 ||    21
  Dodge: Dodged            |     8 |    18 ||    26

Table legend:
 A = Non-vault XP
 B = Vault XP
 C = Vault XP percentage of total XP
 D = Non-vault monster count
 E = Vault monster count
 F = Vault count percentage of total count
                 A         B        C        D         E       F
            +---------+---------+-------+---------+---------+-------
      Total |     145 |      33 |  18.5 |      53 |       5 |   8.6
            +---------+---------+-------+---------+---------+-------
        D:1 |      46 |       0 |   0.0 |      25 |       0 |   0.0
        D:2 |      55 |      16 |  22.5 |      13 |       3 |  18.8
        D:3 |      44 |      17 |  27.9 |      15 |       2 |  11.8
            +---------+---------+-------+---------+---------+-------
